 Dungeon Crawl Stone Soup version 0.24.1-5-g77f818bfca (webtiles) character file.

Game seed: 10873469396374864913, levelgen mode: deterministic

3117 nightchill the Grappler (level 9, -2/90 HPs)
             Began as a Pale Draconian Transmuter on Apr 23, 2020.
             Was an Initiate of Ashenzari.
             Slain by a killer bee (3 damage)
             ... on level 7 of the Dungeon on Apr 24, 2020.
             The game lasted 00:42:14 (9600 turns).

nightchill the Grappler (Pale Draconian Transmuter) Turns: 9600, Time: 00:42:15

Health: -2/90      AC:  6    Str: 20    XL:     9   Next: 60%
Magic:  11/12      EV: 10    Int: 14    God:    Ashenzari [......]
Gold:   536        SH:  0    Dex: 12    Spells: 5/12 levels left

rFire    . . .     SeeInvis +     - Unarmed
rCold    + + +     Gourm    .   (shield currently unavailable)
rNeg     . . .     Faith    .   (armour unavailable)
rPois    +         Spirit   .   (helmet currently unavailable)
rElec    .         Reflect  .   (cloak currently unavailable)
rCorr    .         Harm     .   (gloves currently unavailable)
MR       .....                  (boots currently unavailable)
Stlth    +.........             e - amulet of the acrobat (curse)
HPRegen  0.25/turn              C - ring of protection from fire (curse)
MPRegen  0.13/turn              o - ring of see invisible

@: mighty, lethally poisoned (-2 -> -10), ice-form, very slightly contaminated
A: large, (breathe steam), unfitting armour, AC +7
a: End Transformation, Curse Item, Renounce Religion


You were on level 7 of the Dungeon.
You worshipped Ashenzari.
Ashenzari was noncommittal.
You were near starving.
You were a creature of crystalline ice.
You visited 2 branches of the dungeon, and saw 8 of its levels.
You also visited: Ossuary.

You collected 536 gold pieces.

Inventory:

Hand Weapons
 a - a +2 dagger of venom
 b - a +0 hunting sling
 d - a +2 mace of holy wrath
 F - a +0 vampiric dagger
Missiles
 m - 201 stones (quivered)
 n - 37 arrows
 t - 4 boomerangs
 u - 5 poisoned darts
 I - 55 sling bullets
Armour
 g - a +0 pair of boots
 L - a +0 shield
 M - a +0 pair of gloves (melded)
 N - a +0 buckler
Jewellery
 e - a cursed amulet of the acrobat (around neck)
 k - a +5 ring of protection
 o - a ring of see invisible (right front paw)
 s - a +5 amulet of reflection
 C - a cursed ring of protection from fire (left front paw)
 J - an uncursed ring of protection from fire
 Q - an uncursed ring of fire
Wands
 A - a wand of polymorph (11)
 R - a wand of iceblast (12)
Scrolls
 f - a scroll of fear {unknown}
 h - a scroll of amnesia {unknown}
 p - 7 scrolls of teleportation {unknown}
 q - a scroll of identify
 v - 6 scrolls of enchant weapon {unknown}
 x - 2 scrolls of blinking {unknown}
 y - 4 scrolls of fog {unknown}
 B - a scroll of random uselessness {unknown}
 H - a scroll of enchant armour {unknown}
 O - a scroll of magic mapping
 S - a scroll of remove curse
Potions
 i - a potion of flight
 j - a potion of invisibility
 l - 2 potions of brilliance
 w - 2 potions of agility {unknown}
 z - a potion of cancellation
 D - 3 potions of mutation
 E - a potion of berserk rage {unknown}
 G - a potion of might
 K - a potion of lignification {unknown}
 P - a potion of haste {unknown}
Comestibles
 c - 7 rations


   Skills:
 + Level 6.2 Fighting
 - Level 1.7 Dodging
 * Level 8.7 Unarmed Combat
 - Level 2.0 Spellcasting
 * Level 8.4 Transmutations
 + Level 4.1 Ice Magic


You had 5 spell levels left.
You knew the following spells:

 Your Spells              Type           Power        Failure   Level  Hunger
a - Beastly Appendage     Tmut           ####..       1%          1    ##.....
b - Sticks to Snakes      Tmut           ####....     1%          2    ###....
c - Ice Form              Ice/Tmut       ###.....     19%         4    #####..

Your spell library contained the following spells:

 Spells                   Type           Power        Failure   Level  Hunger
 Spider Form              Tmut/Pois      ##........   13%         3    ####...
 Blade Hands              Tmut           ####......   21%         5    ######.


Dungeon Overview and Level Annotations

Branches:
Dungeon (7/15)             Temple (1/1) D:6         Ossuary (visited)

Altars:
Ashenzari
Cheibriados
Dithmenos
Elyvilon
Fedhas
Gozag
Hepliaklqana
Kikubaaqudgha
Makhleb
Nemelex Xobeh
Qazlal
Ru
Sif Muna
Trog
Uskayaw
Vehumet
Xom
Yredelemnul
Zin
The Shining One

Annotations:
D:3 exclusion: downstairs
D:7 1 runed translucent door, bulhaenghada's ghost, novice FoFi


Innate Abilities, Weirdness & Mutations

((You can breathe blasts of scalding, opaque steam.))
((Your pale cyan-grey scales are hard. (AC +7)))
You cannot fit into any form of body armour.
((You are cold-blooded and may be slowed by cold attacks.))


Message History

You barely miss the killer bee.
The killer bee is lightly wounded.
You flicker back into view.
The killer bee stings you.
* * * LOW HITPOINT WARNING * * *
You closely miss the killer bee.
The killer bee is lightly wounded.
The killer bee stings you.
* * * LOW HITPOINT WARNING * * *
You are poisoned.
The killer bee poisons you! The killer bee barely misses you.
You punch the killer bee! You freeze the killer bee.
You kill the killer bee!
You feel sick. The killer bee stings you.
* * * LOW HITPOINT WARNING * * *
You closely miss the killer bee. The killer bee stings you.
* * * LOW HITPOINT WARNING * * *
You are more poisoned.
The killer bee poisons you! The killer bee stings you.
You die...

####################
..^.............Yy.#
##################.###
..# #........# #.#
#........# .#
#........# #.##
#........# ...##
#####†###.## ....#
#.....###..# .....
#.###...##.#


You could see a killer bee.

Vanquished Creatures
  Joseph (D:7)
  Prince Ribbit (D:7)
  A steam dragon (D:7)
  A hungry ghost (D:7)
  An orc warrior (D:6)
  A black bear (D:6)
  An ice beast (D:5)
  A sky beast (D:7)
  A phantom (D:6)
  3 ogres
  A bullfrog (D:6)
  A water moccasin zombie (Ossuary)
  4 scorpions
  3 wights (D:6)
  5 killer bees (D:7)
  A howler monkey (D:7)
  A crimson imp (D:7)
  2 orc priests
  2 bullfrog skeletons
  8 orc wizards
  A centaur skeleton (D:5)
  An iguana (D:6)
  5 worker ants
  4 big kobold zombies (Ossuary)
  A hound zombie (D:5)
  2 mummies (Ossuary)
  A worker ant zombie (D:6)
  A howler monkey skeleton (D:4)
  8 adders
  3 shadow imps (D:7)
  An ooze (D:3)
  An adder skeleton (D:7)
  6 adder zombies (Ossuary)
  2 dart slugs (D:1)
  5 leopard geckos
  31 orcs
  16 bats
  3 giant cockroaches
  4 goblins
  5 hobgoblins
  6 jackals
  7 kobolds
  3 quokkas
  2 ball pythons
  8 frilled lizards
  3 gnoll zombies (Ossuary)
  A goblin zombie (D:6)
  4 hobgoblin zombies (Ossuary)
  3 kobold zombies (Ossuary)
  2 orc zombies (Ossuary)
  A quokka skeleton (D:5)
  A quokka zombie (D:6)
  6 rats
  A fungus (D:5)
189 creatures vanquished.

Vanquished Creatures (collateral kills)
  An adder (D:2)
  A worm (D:3)
  6 orcs (D:5)
8 creatures vanquished.

Vanquished Creatures (others)
  3 fungi (D:5)
3 creatures vanquished.

Grand Total: 200 creatures vanquished

Notes
Turn   | Place    | Note
-------+----------+-------------------------------------------
     0 | D:1      | nightchill the Draconian Transmuter began the quest for the
                  | Orb.
     0 | D:1      | Reached XP level 1. HP: 16/16 MP: 3/3
   227 | D:1      | Reached XP level 2. HP: 19/23 MP: 3/5
  1240 | D:1      | Reached XP level 3. HP: 29/29 MP: 6/6
  1407 | D:2      | Learned a level 2 spell: Sticks to Snakes
  1948 | D:2      | You fall into a shaft and drop 1 floor!
  1986 | D:3      | Reached XP level 4. HP: 33/36 MP: 7/7
  2020 | D:3      | Found a shimmering altar of Xom.
  3220 | D:3      | Found a stormy altar of Qazlal.
  3497 | D:3      | Reached XP level 5. HP: 40/42 MP: 6/8
  3638 | D:4      | Reached XP level 6. HP: 31/51 MP: 9/9
  3922 | D:4      | Found a sacrificial altar of Ru.
  4095 | D:4      | Reached skill level 5 in Unarmed Combat
  4940 | D:5      | Entered Level 5 of the Dungeon
  5433 | D:5      | Reached skill level 5 in Transmutations
  5456 | D:5      | Found the +7 Singing Sword {slice, sonic wave}
  5554 | D:5      | Your scales start taking on a pale cyan-grey colour.
  5554 | D:5      | Reached XP level 7. HP: 57/57 MP: 1/10
  5927 | D:5      | Learned a level 4 spell: Ice Form
  6539 | D:6      | Found a burning altar of Makhleb.
  6544 | D:6      | Found a sand-covered staircase.
  6562 | Ossuary  | Entered an ossuary
  6600 | Ossuary  | Reached skill level 1 in Ice Magic
  7125 | D:6      | Reached XP level 8. HP: 67/67 MP: 7/11
  7181 | D:6      | Found a staircase to the Ecumenical Temple.
  7234 | Temple   | Entered the Ecumenical Temple
  7383 | Temple   | Became a worshipper of Ashenzari the Shackled
  8116 | D:6      | Reached skill level 5 in Fighting
  8581 | D:7      | Noticed Prince Ribbit
  8620 | D:7      | Killed Prince Ribbit
  8620 | D:7      | Reached XP level 9. HP: 69/74 MP: 5/12
  8743 | D:7      | Noticed Joseph
  8762 | D:7      | Killed Joseph
  9274 | D:7      | Found a runed translucent door.
  9274 | D:7      | Noticed bulhaenghada's ghost (novice FoFi)
  9579 | D:7      | HP: 2/90 [killer bee (5)]
  9599 | D:7      | HP: 4/90 [killer bee (5)]
  9600 | D:7      | HP: 1/90 [killer bee (3)]
  9600 | D:7      | Slain by a killer bee

Levels and vault maps discovered:
D:1:      mrwooster_arrival_statue_3, layout_basic
D:2:      layout_basic, first_ration
D:3:      layout_basic, nicolae_overflow_crystal_walls,
          nicolae_qazlal_general_emergency
D:4:      layout_basic, lemuel_doored_altar, wad_floor_pattern_2
D:5:      old_forge, layout_loops_ring
D:6:      layout_basic, minmay_temple_entry_glass, basic_altar, enter_ossuary_4
D:7:      layout_rooms, hellmonk_ghost_happy_afterlife, uniq_prince_ribbit1,
          uniq_joseph
Temple:   nicolae_temple_elliptical

Skill      XL: |  1  2  3  4  5  6  7  8  9 |
---------------+----------------------------+-----
Transmutations | 3 4 5 6 7 8 |  8.4
Fighting       | 2 3 4 5 6 |  6.2
Unarmed Combat | 4 5 6 7 8 |  8.7
Ice Magic      | 1 3 4 |  4.1
Dodging        | |  1.7
Spellcasting   | |  2.0

Action                   |  1- 3 |  4- 6 |  7- 9 || total
-------------------------+-------+-------+-------++-------
Melee: Unarmed           |    35 |       |    35 ||    70
       Kick              |     5 |     6 |    20 ||    31
       Dagger            |    68 |   121 |   115 ||   304
       Tailslap          |     8 |    10 |    23 ||    41
       Punch             |     3 |     1 |    11 ||    15
       Mace              |       |     9 |   115 ||   124
       Headbutt          |       |     5 |     8 ||    13
Throw: Dart              |       |    11 |       ||    11
       Stone             |       |     3 |     4 ||     7
 Cast: Beastly Appendage |    12 |    12 |    20 ||    44
       Sticks to Snakes  |     2 |    18 |     4 ||    24
       Ice Form          |       |       |     2 ||     2
Invok: Curse Item        |       |       |     2 ||     2
 Abil: Breathe Steam     |       |       |    39 ||    39
  Use: Scroll            |     2 |       |     7 ||     9
       Potion            |     1 |       |     6 ||     7
 Stab: Sleeping          |     2 |     2 |       ||     4
       Distracted        |       |     1 |       ||     1
  Eat: Chunk             |     4 |     9 |    15 ||    28
       Ration            |       |     1 |     1 ||     2
Armor: Skin              |    29 |    40 |    69 ||   138
Dodge: Dodged            |    99 |    84 |   178 ||   361
